 Dungeon Sprint DCSS version 0.21-a0-361-g4efd3f9 (webtiles) character file.

1734 Kidiri the Fighter (level 8, -2/83 HPs)
             Began as a White Draconian Berserker on Oct 13, 2017.
             Was a High Priest of Trog.
             Killed from afar by a lindwurm (30 damage)
             ... with a blast of flame
             ... in the Dungeon (Sprint VII: "The Pits").
             The game lasted 00:04:22 (1337 turns).

Kidiri the Fighter (White Draconian Berserker)      Turns: 1337, Time: 00:04:22

Health: -2/83      AC:  7    Str: 23    XL:     8   Next: 76%
Magic:  8/8        EV: 16    Int:  7    God:    Trog [*****.]
Gold:   0          SH:  0    Dex: 10    Spells: 7/7 levels left

rFire    . . .     SeeInvis .   a - +10 morningstar "Eos" {elec, Halo rElec}
rCold    + . .     Gourm    .   (no shield)
rNeg     . . .     Faith    .   (armour unavailable)
rPois    +         Spirit   .   (helmet restricted)
rElec    +         Reflect  .   (no cloak)
rCorr    .         Harm     .   (no gloves)
MR       .....     NoTele   +   p - +0 pair of boots
Stlth    +.........             (no amulet)
HPRegen  0.23/turn              (no ring)
MPRegen  0.11/turn              (no ring)

@: confused, glowing
A: breathe frost, unfitting armour, talons 1, cold resistance 1, poison
resistance, wild magic 1, cold-blooded, AC +6
a: Breathe Frost, Berserk, Trog's Hand, Brothers in Arms, Burn Spellbooks,
Renounce Religion


You were in the Dungeon.
You worshipped Trog.
Trog was extremely pleased with you.
You were not hungry.

You visited 1 branch

Inventory:

Hand Weapons
 a - the +10 morningstar "Eos" (weapon) {elec, Halo rElec}
   (You found it in the Dungeon)

   Occasionally, upon striking a foe, it will discharge some electrical energy
   and cause terrible harm.
   It insulates you from electricity.
Missiles
 e - 5 poisoned javelins (quivered)
Armour
 p - a +0 pair of boots (worn)
Jewellery
 i - a +3 ring of protection
 o - a +3 ring of protection
Scrolls
 k - 3 scrolls of remove curse
 l - a scroll of summoning
Potions
 c - 8 potions of curing
 d - 12 potions of heal wounds
 f - 4 potions of magic
 g - 4 potions of berserk rage
 j - 2 potions of invisibility
Comestibles
 b - 8 bread rations
 h - 2 chunks of flesh
 m - 40 fruits
 n - 7 meat rations


   Skills:
 * Level 12.0 Fighting
 * Level 11.0 Maces & Flails
 + Level 6.4 Throwing
 * Level 10.1 Dodging


You had 7 spell levels left.
You didn't know any spells.

Dungeon Overview and Level Annotations

Branches:
Dungeon (1/1)

Altars:
Ashenzari
Cheibriados
Dithmenos
Elyvilon
Fedhas
Gozag
Hepliaklqana
Kikubaaqudgha
Makhleb
Nemelex Xobeh
Okawaru
Qazlal
Ru
Sif Muna
Trog
Uskayaw
Vehumet
Wu Jian
Xom
Yredelemnul
Zin
The Shining One
Beogh
Jiyva
Lugonu

Annotations:
D exclusions: 4 doors and 4 more exclusions


Innate Abilities, Weirdness & Mutations

You can breathe waves of freezing cold.
You can buffet flying creatures when you breathe cold.
Your icy white scales are hard. (AC +6)
You cannot fit into any form of body armour.
Your flesh is cold resistant. (rC+)
You are cold-blooded and may be slowed by cold attacks.
You have sharp toenails.
Your system is resistant to poisons. (rPois)
Your spells are a little harder to cast, but a little more powerful.


Message History

You puncture the lindwurm!
You tail-slap the lindwurm, but do no damage.
The lindwurm is moderately wounded.
The tarantella bites you!
You are confused.
The lindwurm bites you. The lindwurm claws you. The lindwurm claws you!
You bump into the metal wall.
The tarantella barely misses you.
The lindwurm bites you but does no damage.
The lindwurm claws you. The lindwurm completely misses you.
The tarantella bites you but does no damage.
Unknown command.
You're too confused!
You're too confused!
You bludgeon the lindwurm!!
The lindwurm is severely wounded.
The tarantella bites you.
You are more confused.
The lindwurm breathes flames at you. The blast of flame hits you!
You die...

..).+................+
#####......#..#......#
#..##................#
#))#####+#####''######
#))##.......##''#
#))##.......##..##
#[[##.......##...##
#+###...<...###...##+##.
...##.......# ##@.......
...##.......# #sk###+###
#####.......##..##
#..###########..
#%############..
#)#....#..[.###.
#+#....#..[[# ##
#)รท....+..))#
#+#....#..))#


You could see a lindwurm and a tarantella.

Vanquished Creatures
  Erica (D)
  A freezing wraith (D)
  A warg (D)
  A water moccasin (D)
  A porcupine (D)
  A necrophage (D)
  An ogre (D)
  A bullfrog (D)
  5 wights (D)
  A jelly (D)
  An iron imp (D)
  Ijyb (D)
  A worker ant (D)
  2 adders (D)
  A river rat (D)
  An ooze (D)
  An adder zombie (D)
  A leopard gecko (D)
  A bat skeleton (D)
  A goblin (D)
  2 jackals (D)
  A ball python (D)
  A frilled lizard (D)
  A rat (D)
30 creatures vanquished.

Notes
Turn   | Place    | Note
-------+----------+-------------------------------------------
     0 | D        | Kidiri the Draconian Berserker began the quest for the Orb.
     0 | D        | Reached XP level 1. HP: 19/19 MP: 1/1
    30 | D        | Reached skill level 4 in Fighting
    30 | D        | Reached XP level 2. HP: 21/27 MP: 2/2
   127 | D        | Found a bloodstained altar of Trog.
   127 | D        | Found a deep blue altar of Sif Muna.
   127 | D        | Found a viscous altar of Jiyva.
   127 | D        | Found a hazy altar of Hepliaklqana.
   127 | D        | Found an opulent altar of Gozag.
   128 | D        | Found a glowing golden altar of the Shining One.
   128 | D        | Found a glowing silver altar of Zin.
   128 | D        | Found a basalt altar of Yredelemnul.
   128 | D        | Found a shimmering altar of Xom.
   128 | D        | Found an ornate altar of the Wu Jian Council.
   128 | D        | Found a sacrificial altar of Ru.
   128 | D        | Found a stormy altar of Qazlal.
   128 | D        | Found an iron altar of Okawaru.
   128 | D        | Found a sparkling altar of Nemelex Xobeh.
   128 | D        | Found a burning altar of Makhleb.
   128 | D        | Found a blossoming altar of Fedhas.
   128 | D        | Found a white marble altar of Elyvilon.
   128 | D        | Found a shadowy altar of Dithmenos.
   128 | D        | Found a snail-covered altar of Cheibriados.
   130 | D        | Found a radiant altar of Vehumet.
   130 | D        | Found a corrupted altar of Lugonu.
   130 | D        | Found a roughly hewn altar of Beogh.
   131 | D        | Found a hide-covered altar of Uskayaw.
   131 | D        | Found an ancient bone altar of Kikubaaqudgha.
   131 | D        | Found a shattered altar of Ashenzari.
   154 | D        | Reached ** piety under Trog
   154 | D        | Reached skill level 5 in Fighting
   154 | D        | Reached XP level 3. HP: 19/36 MP: 3/3
   458 | D        | Noticed Ijyb
   467 | D        | Killed Ijyb
   467 | D        | Reached *** piety under Trog
   467 | D        | Reached skill level 5 in Maces & Flails
   467 | D        | Reached skill level 1 in Throwing
   467 | D        | Reached XP level 4. HP: 44/44 MP: 4/4
   568 | D        | Noticed a porcupine
   570 | D        | Noticed a warg
   577 | D        | Reached skill level 6 in Fighting
   577 | D        | Reached skill level 5 in Dodging
   578 | D        | Reached **** piety under Trog
   582 | D        | Killed a porcupine
   582 | D        | Reached skill level 7 in Fighting
   582 | D        | Reached XP level 5. HP: 41/53 MP: 5/5
   587 | D        | Reached skill level 8 in Fighting
   616 | D        | Reached XP level 6. HP: 31/62 MP: 6/6
   698 | D        | Killed a warg
   698 | D        | Reached skill level 9 in Fighting
   878 | D        | Noticed Erica
   895 | D        | Killed Erica
   895 | D        | Reached ***** piety under Trog
   895 | D        | Reached skill level 11 in Fighting
   895 | D        | Reached skill level 10 in Maces & Flails
   895 | D        | Reached skill level 5 in Throwing
   895 | D        | Your scales start taking on an icy white colour.
   895 | D        | Reached XP level 7. HP: 50/74 MP: 7/7
   895 | D        | Gained mutation: Your flesh is cold resistant. (rC+) [White Draconian growth]
   895 | D        | Reached XP level 8. HP: 56/82 MP: 8/8
  1077 | D        | Received a gift from Trog
  1124 | D        | Noticed a freezing wraith
  1132 | D        | Killed a freezing wraith
  1132 | D        | Received a gift from Trog
  1132 | D        | Reached skill level 10 in Dodging
  1160 | D        | Found the +10 morningstar "Eos" {elec, Halo rElec}
  1190 | D        | Gained mutation: Your system is resistant to poisons. (rPois) [potion of mutation]
  1190 | D        | Gained mutation: You are clumsy. (Dex -2) [potion of mutation]
  1190 | D        | Gained mutation: You have a pair of small horns on your head. [potion of mutation]
  1191 | D        | Lost mutation: You are clumsy. (Dex -2) [potion of mutation]
  1191 | D        | Lost mutation: You have a pair of small horns on your head. [potion of mutation]
  1191 | D        | Gained mutation: Your spells are a little harder to cast, but a little more powerful. [potion of mutation]
  1191 | D        | Gained mutation: You have sharp toenails. [potion of mutation]
  1329 | D        | Noticed a lindwurm
  1333 | D        | Received a gift from Trog
  1333 | D        | Reached skill level 12 in Fighting
  1337 | D        | Killed from afar by a lindwurm

Vault maps used:
D:        pitsprint

Skill      XL: |  1  2  3  4  5  6  7  8 |
---------------+-------------------------+-----
Fighting       | 4 5 7 8 11 12 | 12.0
Dodging        | 3 4 6 9 10 | 10.1
Maces & Flails | 4 5 7 10 11 | 11.0
Throwing       | 1 3 5 6 |  6.4

Action                   |  1- 3 |  4- 6 |  7- 9 || total
-------------------------+-------+-------+-------++-------
Melee: Mace              |    18 |    54 |    18 ||    90
       Tailslap          |     1 |     3 |     5 ||     9
       Morningstar       |       |       |     7 ||     7
Invok: Berserk           |     1 |     3 |     2 ||     6
       Brothers in Arms  |       |     1 |     1 ||     2
 Abil: Breathe Frost     |       |       |     1 ||     1
  Use: Potion            |       |     3 |     2 ||     5
       Scroll            |       |     1 |       ||     1
 Stab: Sleeping          |     2 |       |       ||     2
  Eat: Chunk             |       |     2 |     5 ||     7
Armor: Skin              |     8 |     4 |     4 ||    16
Dodge: Dodged            |     9 |    36 |    13 ||    58

Table legend:
 A = Spawn XP
 B = Non-spawn XP
 C = Spawn XP percentage of total XP
 D = Spawn monster count
 E = Non-spawn monster count
 F = Spawn count percentage of total count
 G = Total turns spent on level
                    A         B        C        D         E        F      G
               +---------+---------+-------+---------+---------+-------+---------
         Total |       0 |    2478 |   0.0 |       0 |      30 |   0.0 |  1337
               +---------+---------+-------+---------+---------+-------+---------
             D |       0 |    2478 |   0.0 |       0 |      30 |   0.0 |  1337
               +---------+---------+-------+---------+---------+-------+---------
